 Seeded DCSS version 0.30.1-11-g7821555f0a (webtiles) character file.

Game seed: 5129858224507802926 (custom seed)

1047 Psyclone the Destroyer (level 8, 6/62 HPs)
             Began as a Purple Draconian Conjurer on Nov 15, 2023.
             Quit the game on level 6 of the Dungeon.
             The game lasted 00:01:38 (1690 turns).

Psyclone the Destroyer (Purple Draconian Conjurer)  Turns: 1690, Time: 00:01:39

Health: 6/62       AC:  6    Str:  7    XL:     8   Next: 5%
Magic:  8/17       EV: 12    Int: 28    God:
Gold:   99         SH:  0    Dex:  9    Spells: 16/19 levels left

rFire   + + .        f - +0 flail
rCold   . . .        (no shield)
rNeg    . . .        (body armour unavailable)
rPois   .            (helmet restricted)
rElec   .            (no cloak)
rCorr   .            (no gloves)
SInv    .            (no boots)
Will    +....        (no amulet)
Stlth   ++           (no ring)
HPRegen 0.30/turn    (no ring)
MPRegen 0.15/turn

%: no passive effects
@: no status effects
A: breathe power, AC +6, unfitting armour, cold-blooded, horns 1, clever 2, fire
resistance 2, robust 1, wild magic 1, evolution 1
a: Breathe Dispelling Energy


You were on level 6 of the Dungeon.
You visited 1 branch of the dungeon, and saw 6 of its levels.

You collected 99 gold pieces.

Inventory:

Hand Weapons
 f - a +0 flail (weapon)
Scrolls
 b - 2 scrolls of fear {unknown}
 c - a scroll of amnesia {unknown}
 d - a scroll of vulnerability {unknown}
 h - a scroll of butterflies {unknown}
Potions
 a - a potion of magic
 e - 2 potions of mutation
 g - 2 potions of attraction {unknown}
 i - a potion of heal wounds {unknown}


   Skills:
 - Level 1.7 Dodging
 - Level 1.7 Stealth
 + Level 6.3 Spellcasting
 * Level 8.7 Conjurations


You had 16 spell levels left.
You knew the following spells:

 Your Spells              Type           Power      Damage    Failure   Level
a - Magic Dart            Conj           100%       1d8       1%          1
b - Searing Ray           Conj           100%       2d8       1%          2

Your spell library contained the following spells:

 Spells                   Type           Power      Damage    Failure   Level
 Dazzling Flash           Conj/Hex       86%        N/A       5%          3
 Fulminant Prism          Conj/Hex       21%        3d12      14%         4
 Iskenderun's Mystic Bla  Conj/Tloc      43%        2d10      14%         4


Dungeon Overview and Level Annotations

Branches:
Dungeon (6/15) Zot: 26645  Temple (0/1) D:4

Altars:
Elyvilon

Shops:
D:2 =

Annotations:
D:6 Blork the orc, Grinder


Innate Abilities, Weirdness & Mutations

You can breathe bolts of dispelling energy.
Your rich purple scales are hard. (AC +6)
You cannot fit into any form of body armour.
You are cold-blooded and may be slowed by cold attacks.
You have a pair of small horns on your head.
Your mind is very acute. (Int +8, Str/Dex -2)
Your flesh is very heat resistant. (rF++)
You are robust. (+10% HP)
Your spells are a little harder to cast, but a little more powerful.
You have hidden genetic potential.


Message History

Grinder is severely wounded.
Grinder closely misses you.
You barely miss Grinder. Your headbutt misses Grinder.
Your tail-slap misses Grinder.
You punch Grinder.
Grinder is severely wounded.
Grinder barely misses you.
Grinder blinks!
Blork the orc comes into view.
He is wielding a +0 battleaxe.
Grinder gestures at you. You resist with significant effort.
Grinder blinks!
A yak comes into view.
The yak bellows! 2 yaks come into view.
The yak bellows!
The yak gores you.
You take 4 damage, and have 40/62 hp.
The yak attacks as you move away! The yak barely misses you.
The yak attacks as you move away! The yak gores you.
You take 5 damage, and have 37/62 hp.
The yak attacks as you move away! The yak misses you.
The yak attacks as you move away! The yak gores you!
A gnoll comes into view.
It is wielding a +2 flail of protection.
The gnoll shouts!
You hear a shout!
You take 7 damage, and have 31/62 hp.
A gnoll comes into view. It is wielding a +0 halberd.
A gnoll comes into view. It is wielding a +0 spear.
The yak attacks as you move away! The yak gores you.
The gnoll shouts! x2
A gnoll comes into view. It is wielding a +0 club.
You take 2 damage, and have 29/62 hp.
The gnoll hits you from afar with a +0 halberd!
The gnoll hits you from afar with a +0 spear.
* * * LOW HITPOINT WARNING * * *
The gnoll hits you with a +2 flail of protection!
* * * LOW HITPOINT WARNING * * *
There is a stone staircase leading up, spattered with blood here.
You take 23 damage, and have 6/62 hp.
MASSIVE DAMAGE!!
Unknown command.
Unknown command.
Are you sure you want to abandon this character and quit the game? (Confirm with "yes".)

#.##....#)######...
#.......#.#........
....##.##.#..........
..#. #.##.###...†....
#. #..#.# ####.....
#. ##.#.# #.#...
#.###.#.# #.#...
#..Y....# #.#...
####.@g..### #.....
#.......## ######
#.##g##g# # #. #.# ..
#.# ### #.# #.# .#


You could see a yak and 3 gnolls.

Vanquished Creatures
  Sigmund (D:6)
  Eustachio (D:4)
  A water moccasin (D:5)
  An ogre (D:5)
  A phantom (D:6)
  2 scorpions (D:5)
  3 orc priests
  A hound (D:5)
  A jelly (D:6)
  A sleepcap (D:6)
  2 iguanas
  2 orc wizards
  3 gnolls (D:5)
  An adder (D:5)
  A dart slug (D:2)
  7 orcs
  2 bats (D:2)
  3 endoplasms
  3 goblins
  2 hobgoblins (D:2)
  A quokka (D:2)
  2 ball pythons (D:2)
  A rat (D:1)
43 creatures vanquished.

Notes
Turn   | Place    | Note
-------+----------+-------------------------------------------
     0 | D:1      | Psyclone the Draconian Conjurer began the quest for the
                  | Orb.
     0 | D:1      | Reached XP level 1. HP: 14/14 MP: 3/3
   100 | D:2      | Gained mutation: Your flesh is heat resistant. (rF+)
                  | [potion of mutation]
   100 | D:2      | Gained mutation: You are robust. (+10% HP) [potion of
                  | mutation]
   100 | D:2      | Gained mutation: You have a beak for a mouth. [potion of
                  | mutation]
   100 | D:2      | Gained mutation: You passively dampen the noise of your
                  | surroundings. [potion of mutation]
   151 | D:2      | Found Zutuxkoi's Jewellery Shop.
   227 | D:2      | Lost mutation: You passively dampen the noise of your
                  | surroundings. [potion of mutation]
   227 | D:2      | Lost mutation: You have a beak for a mouth. [potion of
                  | mutation]
   227 | D:2      | Gained mutation: You have a pair of small antennae on your
                  | head. [potion of mutation]
   227 | D:2      | Gained mutation: Your spells are a little harder to cast,
                  | but a little more powerful. [potion of mutation]
   227 | D:2      | Gained mutation: Your flesh is very heat resistant. (rF++)
                  | [potion of mutation]
   227 | D:2      | Gained mutation: You are strong-willed. (Will+) [potion of
                  | mutation]
   289 | D:2      | Reached XP level 2. HP: 22/22 MP: 1/5
   391 | D:2      | Learned a level 2 spell: Searing Ray
   460 | D:3      | Reached XP level 3. HP: 19/28 MP: 1/6
   461 | D:3      | Reached skill level 5 in Conjurations
   461 | D:3      | Reached XP level 4. HP: 24/36 MP: 0/8
   541 | D:3      | Lost mutation: You are strong-willed. (Will+) [potion of
                  | mutation]
   541 | D:3      | Lost mutation: You have a pair of small antennae on your
                  | head. [potion of mutation]
   541 | D:3      | Gained mutation: You have a pair of small horns on your
                  | head. [potion of mutation]
   541 | D:3      | Gained mutation: You have hidden genetic potential. [potion
                  | of mutation]
   654 | D:4      | Found a staircase to the Ecumenical Temple.
   731 | D:4      | Found a white marble altar of Elyvilon.
   747 | D:4      | Reached XP level 5. HP: 31/41 MP: 0/9
   763 | D:4      | Gained mutation: You have great hidden genetic potential.
                  | [hidden potential]
   872 | D:4      | Noticed Eustachio
   893 | D:4      | Killed Eustachio
   894 | D:4      | Reached skill level 6 in Conjurations
   894 | D:4      | Reached XP level 6. HP: 34/49 MP: 5/11
   899 | D:4      | Gained mutation: Your mind is acute. (Int +4, Str/Dex -1)
                  | [hidden potential]
   899 | D:4      | Lost mutation: You have great hidden genetic potential.
                  | [hidden potential expressed]
   998 | D:5      | Entered Level 5 of the Dungeon
  1075 | D:5      | Found the +9 staff of Olgreb {rPois∞}
  1080 | D:5      | Noticed a water moccasin
  1082 | D:5      | Reached skill level 7 in Conjurations
  1086 | D:5      | Killed a water moccasin
  1087 | D:5      | Your scales start taking on a rich purple colour.
  1087 | D:5      | Reached skill level 5 in Spellcasting
  1087 | D:5      | Reached XP level 7. HP: 30/55 MP: 3/14
  1220 | D:5      | Gained mutation: Your mind is very acute. (Int +8, Str/Dex
                  | -2) [hidden potential]
  1349 | D:6      | Noticed Sigmund
  1355 | D:6      | Killed Sigmund
  1356 | D:6      | Reached skill level 8 in Conjurations
  1642 | D:6      | Noticed Grinder
  1648 | D:6      | Reached XP level 8. HP: 46/62 MP: 9/17
  1657 | D:6      | Noticed Blork the orc
  1690 | D:6      | Quit the game

Illustrated notes

Levels and vault maps discovered:
D:1:      saegor_arrival_simple_c, layout_rooms, serial_shops, shop,
          kennysheep_nondescript, minmay_misc_feat_ornament
D:2:      layout_basic, serial_shops, nicolae_shop_tiny_statue_garden,
          nicolae_shop_scrapyard, shop, shop
D:3:      layout_loops_ring
D:4:      layout_rooms, elyvilon_altar_1, minmay_temple_entry_trees,
          uniq_eustachio
D:5:      minmay_chambers_of_threes, layout_loops_ring,
          mainiacjoe_overflow_small_starburst,
          minmay_guarded_unrand_staff_of_olgreb
D:6:      layout_loops_cross, uniq_maggie, uniq_sigmund, uniq_blork_the_orc,
          uniq_grinder, uniq_pikel

Skill      XL: |  1  2  3  4  5  6  7 |
---------------+----------------------+-----
Conjurations   | 5 6 7 8 |  8.7
Spellcasting   | 3 5 6 |  6.3
Dodging        | |  1.7
Stealth        | |  1.7

Action                     |  1- 3 |  4- 6 |  7- 9 || total
---------------------------+-------+-------+-------++-------
  Melee: Flail             |       |     6 |     5 ||    11
         Headbutt          |       |     2 |     1 ||     3
         Punch             |       |       |     1 ||     1
   Cast: Magic Dart        |    17 |     9 |       ||    26
         Searing Ray       |     1 |    11 |    14 ||    26
    Use: Potion            |     2 |     2 |       ||     4
 Armour: Skin              |     2 |     2 |     2 ||     6
  Dodge: Dodged            |     2 |    13 |    10 ||    25
